 Dungeon Crawl Stone Soup version 0.18.1-50-g88ac8fd (webtiles) character file.

285117 Amnesiac the Severer (level 20, -36/156 HPs)
             Began as a Deep Dwarf Fighter on Feb 28, 2018.
             Was an Elder of Pakellas.
             Killed from afar by an iron giant (84 damage)
             ... with an iron shot
             ... on level 3 of the Iron City of Dis.
             The game lasted 02:15:39 (36470 turns).

Amnesiac the Severer (Deep Dwarf Fighter)          Turns: 36470, Time: 02:15:39

Health: -36/156    AC: 39    Str: 41    XL:     20   Next: 45%
Magic:  24/33      EV: 17    Int: 13    God:    Pakellas [****..]
Gold:   1255       SH: 26    Dex: 15    Spells: 5 memorised, 4 levels left

rFire  + . .     SeeInvis +     a - +6 broad axe (flame)
rCold  . . .     Gourm    .     Y - +1 plate armour {rF+}
rNeg   + . .     Faith    .     h - +2 large shield
rPois  +         Spirit   .     W - +0 helmet of Pathos {Str+6}
rElec  .         Dismiss  .     E - +1 cloak "Aso Nin" {-Cast rPois Str-2 SInv}
rCorr  .         Reflect  .     P - +1 pair of gloves {archery}
SustAt .         Harm     .     o - +2 pair of boots {run}
MR     ++...     NoCast   +     k - amulet of Vitality {Regen+ HP+15}
Stlth  ..........               c - +5 ring of protection
                                m - ring "Etaynah" {MR- Str+8 Int+4 Dex+2}

@: non-regenerating, quick, very resistant to hostile enchantments, extremely
unstealthy
A: damage resistance, recharge devices, rough black scales 1, rugged brown
scales 1, thin skeletal structure 1, blink, deterioration 1, frail 3, mutation
resistance 1, negative energy resistance 1, sense surroundings 3, shaggy fur 1,
slow regeneration 3, sturdy frame 1
a: Device Recharging, Blink, Quick Charge, Device Surge, Renounce Religion


You were on level 3 of the Iron City of Dis.
You worshipped Pakellas.
Pakellas was greatly pleased with you.
You were very full.

You visited 8 branches of the dungeon, and saw 36 of its levels.
You visited the Abyss 1 time.
You also visited: Trove and Sewer.

You collected 3502 gold pieces.
You spent 2247 gold pieces at shops.

Inventory:

Hand Weapons
 a - a +6 broad axe of flaming (weapon)
 U - a +0 broad axe of distortion
Missiles
 N - 4 throwing nets (quivered)
Armour
 h - a +2 large shield (worn)
 o - a +2 pair of boots of running (worn)
 E - the +1 cloak "Aso Nin" (worn) {-Cast rPois Str-2 SInv}
   (You bought it in a shop on level 10 of the Dungeon)

   It affects your strength (-2).
   It protects you from poison.
   It lets you see invisible.
   It prevents spellcasting.
 P - a +1 pair of gloves of archery (worn)
 W - the +0 helmet of Pathos (worn) {Str+6}
   (You found it on level 10 of the Dungeon)

   It affects your strength (+6).
 Y - a +1 plate armour of fire resistance (worn)
Rods
 L - a +9 rod of ignition (12/12)
   (You took it off a deep elf sorcerer on level 3 of the Elven Halls)
 Z - a +2 rod of clouds (13/13)
   (Pakellas gifted it to you on level 8 of the Dungeon)
Jewellery
 b - an uncursed ring of resist corrosion
 c - a +5 ring of protection (right hand)
 k - the amulet of Vitality (around neck) {Regen+ HP+15}
   (You found it in a treasure trove)

   [amulet of regeneration]

   It affects your health (+15).
   It increases your rate of regeneration.
 m - the ring "Etaynah" (left hand) {MR- Str+8 Int+4 Dex+2}
   (You found it in a treasure trove)

   [ring of dexterity]

   It affects your strength (+8).
   It affects your intelligence (+4).
   It affects your dexterity (+2).
   It affects your resistance to hostile enchantments.
 n - the ring "Gotrauvve" {SustAt +Inv +Fly Stlth+}
   (You found it in a treasure trove)

   [ring of sustain attributes]

   It sustains your strength, intelligence and dexterity.
   It lets you turn invisible.
   It lets you fly.
   It makes you more stealthy.
 D - an uncursed amulet of rage
 T - an uncursed ring of protection from cold
Wands
 e - a wand of heal wounds (7/9)
 l - a wand of acid (9/15)
 q - a wand of lightning (3/15)
 y - a wand of paralysis (2/24)
 B - a wand of teleportation (3/9)
 J - a wand of disintegration (19/24)
 K - a wand of iceblast (5/15)
Scrolls
 g - 2 scrolls of silence {!r}
 p - 7 scrolls of teleportation {!r}
 s - a scroll of vulnerability {!r}
 t - 4 scrolls of enchant armour {!r}
 v - a scroll of recharging {!r}
 A - 4 scrolls of magic mapping {!r}
 F - 16 scrolls of remove curse {!r}
 Q - 7 scrolls of amnesia {!r}
 R - 13 scrolls of identify {!r}
 S - 3 scrolls of fog {!r}
Potions
 d - 2 potions of might {!q}
 i - 2 potions of cancellation {!q}
 u - 3 potions of magic {!q}
 G - 3 potions of curing {!q}
 I - 7 potions of agility {!q}
 M - 5 potions of haste {!q}
 X - 2 potions of resistance {!q}
Miscellaneous
 j - a box of beasts {used: 2}
 r - a legendary deck of defence {drawn: 3}
 x - a box of beasts
 z - a phantom mirror
 C - a box of beasts {used: 9}
 H - a lamp of fire
 V - the horn of Geryon
Comestibles
 f - 11 bread rations
 w - 15 meat rations


   Skills:
 - Level 15.0 Fighting
 - Level 20.0 Axes
 - Level 15.1 Armour
 - Level 15.3 Dodging
 - Level 15.1 Shields
 + Level 18.7 Evocations


You had 4 spell levels left.
You knew the following spells:

 Your Spells              Type           Power        Failure   Level  Hunger
a - Shatter               Erth           #.........   100%        9    #######
b - Passwall              Trmt/Erth      #.........   100%        2    ###....
c - Summon Butterflies    Summ           #.......     100%        1    ##.....
d - Apportation           Tloc           #.........   100%        1    ##.....
v - Blink                 Tloc           N/A          100%        2    ###....


Dungeon Overview and Level Annotations

Branches:
Dungeon (15/15)            Temple (1/1) D:4            Lair (8/8) D:11
 Shoals (0/4) Lair:3        Snake (0/4) Lair:4        Slime (0/6) Lair:7
    Orc (2/2) D:10            Elf (3/3) Orc:2        Vaults (0/5) D:13
 Depths (3/5) D:15           Hell (1/1)                 Dis (3/7) Hell
    Geh: Hell:1         Coc: Hell:1         Tar: Hell:1

Altars:
Ashenzari
Cheibriados
Dithmenos
Elyvilon
Fedhas
Gozag
Kikubaaqudgha
Makhleb
Nemelex Xobeh
Okawaru
Pakellas
Qazlal
Ru
Sif Muna
Trog
Vehumet
Xom
Yredelemnul
Zin
The Shining One

Shops:
D:6 (   D:10 [   D:15 *   Orc:1 ?}?[!   Orc:2 [?([?   Elf:2 %

Portals:
Hell: Lair:8 Depths:1 Depths:2 Depths:3
Abyss: Depths:1 Depths:2
Pandemonium: Depths:1
Ziggurat: Depths:2

Annotations:
Orc:1 shop


Innate Abilities, Weirdness & Mutations

You are resistant to damage.
You can recharge devices by infusing magical energy.
You resist negative energy.
You passively map a large area around you.
You do not regenerate naturally.
You are partially covered in rough black scales (AC +4, Dex -1).
You are partially covered in rugged brown scales (AC +1, +3% HP).
You have a somewhat thin skeletal structure (Dex +2, Stealth).
You can translocate small distances at will.
Your body sometimes deteriorates upon taking damage.
You are extremely frail (-30% HP).
You are somewhat resistant to further mutation.
You are covered in fur (AC +1).
Your movements are slightly less encumbered by armour (ER -2).


Message History

The hell knight is almost dead.
You slash the iron giant! You burn the iron giant.
The iron giant is lightly wounded.
You slash the stone giant! You burn the stone giant.
The stone giant is moderately wounded.
You slash the hell knight!
The hell knight is severely wounded.
You slash the hell knight!
The hell knight is moderately wounded.
You slash the necromancer! You burn the necromancer.
You kill the necromancer!
Pakellas accepts your kill.
You feel your power returning. You block the hell knight's attack.
The iron giant points at you and mumbles some strange words.
The iron shot misses you. The hell knight casts a spell at you.
You block the puff of flame.
You slash the hell knight!
You kill the hell knight!
Pakellas accepts your kill.
You feel your power returning.
You barely miss the iron giant.
The iron giant is lightly wounded.
You hit the stone giant but do no damage.
The stone giant is moderately wounded.
You slice the hell knight!!
The hell knight is almost dead.
You slice the hell knight!!
You kill the hell knight!
Pakellas accepts your kill.
You feel your power returning.
The hell knight casts a spell.
The hell knight blinks!
The iron giant throws you!
* * * LOW HITPOINT WARNING * * *
You block the hell knight's attack.
You are too injured to fight recklessly!
You are too injured to fight recklessly!
You are too injured to fight recklessly!
You are too injured to fight recklessly!
You block the hell knight's attack.
The hell knight casts a spell.
The hell knight blinks!
The stone giant throws a large rock.
The large rock hits you!!
* * * LOW HITPOINT WARNING * * *
You block the hell knight's attack.
You see here a large rock.
Evoke which item? (* to show all) (? for menu, Esc to quit)
Zapping:
e - a wand of heal wounds (9/9)
Press: ? - help, Shift-Dir - straight line, f - you You feel much better.
This wand has 8 charges left.
The hell knight points at you and mumbles some strange words.
The bolt of fire misses you. The hell knight casts a spell at you.
The puff of flame misses you.
Evoke which item? (* to show all) (? for menu, Esc to quit)
Zapping:
e - a wand of heal wounds (8/9)
Press: ? - help, Shift-Dir - straight line, f - you You feel much better.
This wand has 7 charges left.
You feel yourself speed up. You block the hell knight's attack. x2
The iron giant gestures at you while chanting.
The iron shot hits you!
Ouch! That really hurt!
You die...
Pakellas says: That's one more possible approach eliminated.

,................ ,, * *
#................... , ,
, *
#...................,, ,
, ,, #...................
,, *
#..................., * ,
#................... ,,,
#####........)p)........,
, ,
............p§.C........
,
..........p(..pC@.......
,, , *
...........))..C........,
, ,,,
..........##'###........,
..........#.§..#....####
* * ..........#....#....#
, * *
###.......+....#....+ * *
, ,+.......#....#....# *
, , *,*,
,,#.......'....#....#,*,
, , #.......#....# ,, , ,


You could see an iron giant, 2 stone giants and 4 hell knights.

Vanquished Creatures
  Mara (Depths:2)
  Margery (Depths:3)
  Norris (Depths:1)
  Geryon (Hell)
  A bone dragon (Dis:3)
  Jory (Depths:3)
  Jorgrun (Elf:3)
  2 hellephants (Hell)
  A Hell Sentinel (Dis:2)
  A tentacled monstrosity (Depths:3)
  A deep elf blademaster (Elf:3)
  A deep elf master archer (Elf:3)
  2 ancient champions (Hell)
  A tentacled starspawn (Abyss:3)
  Roxanne (D:15)
  A tengu reaver (Depths:2)
  A revenant (Hell)
  3 frost giants
  9 fire giants
  Maud (D:13)
  A balrug (Depths:3)
  8 deep elf sorcerers (Elf:3)
  3 deep elf elementalists (Elf:3)
  6 very ugly things
  2 iron dragons
  5 reapers
  3 war gargoyles
  5 stone giants
  3 vampire knights
  The ghost of Amnesiac the Nimble, a journeyman DDAr of Nemelex Xobeh (Orc:1)
  5 deep elf demonologists (Elf:3)
  A lorocyproca (Depths:3)
  5 salamander stormcallers (Hell)
  3 deep elf annihilators (Elf:3)
  2 fire dragons (Depths:2)
  3 deep elf death magi (Elf:3)
  4 ettins
  2 blizzard demons (Hell)
  Josephine (D:11)
  5 deep elf high priests
  A kraken zombie (Hell)
  3 yaktaur captains (Depths:3)
  3 ice dragons
  2 ogre magi
  A great orb of eyes (Depths:1)
  3 hell beasts
  2 entropy weavers
  7 hydras
  Fannar (D:10)
  The ghost of Gartch2 the Unseen, a journeyman SpAs of Dithmenos (Lair:5)
  A death knight (D:14)
  8 death yaks
  6 centaur warriors
  15 dancing weapons
  7 tengu warriors
  3 deep troll shamans
  3 deep troll earth magi (Depths:2)
  6 hell hogs
  A vampire mage (Depths:2)
  7 orc high priests
  Urug (D:15)
  2 thrashing horrors (Abyss:3)
  5 sun demons
  4 wretched stars (Abyss:3)
  5 soul eaters
  14 hell knights
  19 skeletal warriors
  A fire crab (Lair:8)
  12 deep elf knights
  2 wizards
  An anaconda zombie (Dis:1)
  4 unseen horrors
  7 deep trolls (Depths:2)
  3 hill giants
  A giant orange brain (Abyss:3)
  A shadow dragon zombie (Dis:2)
  2 lindwurms
  10 deep elf archers
  An anaconda skeleton (Hell)
  A harpy (shapeshifter) (Depths:1)
  5 orc knights (Orc:2)
  61 deep elf magi
  3 phantasmal warriors
  Pikel (D:7)
  4 griffons
  A wolf spider zombie (Dis:2)
  A fire giant zombie (Dis:3)
  7 necromancers
  An orc sorcerer (Orc:2)
  23 ugly things
  A manticore (D:12)
  The ghost of Amnesiac the Inventor, a novice DEAr of Pakellas (D:7)
  15 large abominations
  4 cyclopes
  A sixfirhy (Lair:8)
  A dire elephant zombie (Dis:2)
  A black mamba (shapeshifter) (Depths:1)
  6 elephants (Lair:7)
  10 rust devils
  9 smoke demons
  3 black mambas
  A gargoyle (D:14)
  10 spiny frogs
  4 orange demons (Lair:8)
  2 ice statues (Hell)
  4 rime drakes
  4 kobold demonologists
  11 komodo dragons
  A hellion (Hell)
  5 tormentors (Dis:2)
  4 ice devils
  5 freezing wraiths
  3 yaktaurs
  An efreet (D:13)
  The ghost of Amnesiac the Prestidigitator, a novice DEAr of Gozag (D:5)
  A hellwing (Lair:8)
  A demonic crawler (Hell)
  2 ancient zymes (Abyss:3)
  A queen bee (D:12)
  5 trolls
  A hydra zombie (Hell)
  9 red devils
  4 tengu conjurers
  A raiju (shapeshifter) (Depths:1)
  A two-headed ogre (shapeshifter) (Elf:1)
  A harpy skeleton (Dis:2)
  A polar bear (Lair:8)
  6 two-headed ogres
  A blink frog (shapeshifter) (Depths:2)
  2 alligator zombies
  17 slime creatures
  30 blink frogs
  A boulder beetle (Lair:7)
  A hydra skeleton (Hell)
  2 raiju (Abyss:3)
  A hornet zombie (D:15)
  26 flying skulls
  7 redbacks
  8 wraiths
  A shadow (Dis:3)
  A fire dragon zombie (Dis:1)
  2 ynoxinuls (Abyss:3)
  A spriggan (D:7)
  5 air elementals
  A tarantella (shapeshifter) (D:13)
  6 water elementals
  2 wyverns (Lair:7)
  A golden eye (shapeshifter) (Depths:1)
  34 yaks
  4 basilisks
  9 fire elementals
  4 fire bats (D:14)
  A steam dragon (Lair:5)
  4 hungry ghosts
  A spatial vortex (Abyss:3)
  7 hippogriffs
  6 small abominations
  3 chaos spawn
  A mottled dragon (D:15)
  A soldier ant (D:12)
  7 wargs
  A naga (Lair:4)
  Menkaure (D:7)
  8 hell hounds
  The ghost of Amnesiac the Charlatan, an amateur DEAr (D:3)
  Edmund (D:3)
  15 water moccasins
  A giant eyeball (Depths:3)
  9 porcupines
  A black bear (D:13)
  39 orc warriors
  3 slaves (D:7)
  3 spiny frog skeletons (Hell)
  3 wasps
  2 ice beasts
  2 necrophages
  A sky beast (D:10)
  5 phantoms
  5 boggarts (Depths:3)
  4 wolves (Lair:3)
  11 centaurs
  21 ogres
  13 crocodiles
  4 big kobolds
  A wyvern zombie (D:11)
  17 giant frogs
  A spiny frog simulacrum (Hell)
  2 wyvern skeletons
  9 earth elementals
  5 scorpions
  46 killer bees
  14 wights
  6 howler monkeys
  6 electric eels
  2 lava snakes (D:14)
  7 crimson imps
  4 centaur zombies
  2 giant frog zombies
  10 hounds
  6 jellies
  31 orc priests
  5 iron imps
  13 orc wizards
  Jessica (D:3)
  2 centaur skeletons
  12 iguanas
  11 worker ants
  6 hell rats (Lair:2)
  A killer bee zombie (D:11)
  15 sheep
  A hound skeleton (D:5)
  4 mummies
  3 gnolls (D:7)
  9 adders
  65 river rats
  2 shadow imps
  A white imp (Hell)
  2 ufetubi (Abyss:3)
  An adder zombie (D:8)
  An adder skeleton (D:5)
  A worm (D:2)
  3 dart slugs
  5 giant geckos
  81 orcs
  3 giant cockroaches
  8 goblins
  6 hobgoblins
  21 jackals
  17 kobolds
  4 quokkas
  4 bats
  3 giant gecko skeletons
  3 giant newts
  A jackal zombie (D:7)
  2 quokka skeletons
  A quokka zombie (D:8)
  15 rats
  3 fire vortices
  11 fungi
  8 plants
  3 starspawn tentacles (Abyss:3)
1405 creatures vanquished.

Vanquished Creatures (collateral kills)
  A deep elf blademaster (Elf:2)
  An orc warlord (D:9)
  2 deep elf sorcerers (Elf:3)
  A deep elf annihilator (Elf:3)
  6 dancing weapons (Elf:2)
  2 deep elf knights (Elf:2)
  A skeletal warrior (D:12)
  An ogre (Orc:1)
  A worker ant (D:10)
  2 jackals (D:10)
  A fire vortex (Hell)
19 creatures vanquished.

Vanquished Creatures (others)
  A fire giant (Depths:3)
  A deep elf elementalist (Elf:3)
  A deep troll shaman (Depths:2)
  A hell hog (Hell)
  A deep elf knight (Elf:3)
  2 deep trolls (Depths:2)
  A necromancer (Hell)
  A phantasmal warrior (Depths:2)
  A red devil (Hell)
  A ynoxinul (Abyss:3)
  An orc priest (Orc:2)
  3 fire vortices
  9 fungi
  2 plants (Lair:8)
  A starspawn tentacle (Abyss:3)
27 creatures vanquished.

Grand Total: 1451 creatures vanquished

Notes
Turn   | Place    | Note
--------------------------------------------------------------
     0 | D:1      | Amnesiac the Deep Dwarf Fighter began the quest for the Orb.
     0 | D:1      | Reached XP level 1. HP: 20/20 MP: 1/1
    90 | D:2      | Reached skill level 3 in Axes
    90 | D:2      | Reached XP level 2. HP: 9/27 MP: 2/2
   159 | D:3      | Found a sacrificial altar of Ru.
   214 | D:4      | Noticed Edmund
   276 | D:4      | Reached skill level 4 in Axes
   276 | D:4      | Reached XP level 3. HP: 31/33 MP: 3/3
   391 | D:3      | Found a glowing golden altar of the Shining One.
   478 | D:3      | Reached XP level 4. HP: 25/40 MP: 4/4
   479 | D:3      | Found a glowing drain.
   490 | Sewer    | Entered a sewer
   502 | Sewer    | Reached skill level 5 in Axes
   563 | Sewer    | Noticed a big kobold
   587 | Sewer    | Killed a big kobold
   587 | Sewer    | Reached skill level 6 in Axes
   587 | Sewer    | Reached XP level 5. HP: 39/46 MP: 5/5
   606 | Sewer    | Found a white marble altar of Elyvilon.
   802 | D:4      | Found a staircase to the Ecumenical Temple.
   814 | Temple   | Entered the Ecumenical Temple
   821 | Temple   | Became a worshipper of Pakellas the Inventive
  1734 | D:2      | Reached * piety under Pakellas
  1734 | D:2      | Received a gift from Pakellas
  2257 | D:3      | Noticed Jessica
  2272 | D:3      | Killed Jessica
  2272 | D:3      | Reached skill level 7 in Axes
  2272 | D:3      | Reached XP level 6. HP: 42/55 MP: 6/6
  2340 | D:3      | Found a radiant altar of Vehumet.
  2340 | D:3      | Found a sparkling altar of Nemelex Xobeh.
  2365 | D:3      | Noticed Amnesiac's ghost (amateur DEAr)
  2379 | D:3      | Killed Amnesiac's ghost
  2413 | D:3      | Reached ** piety under Pakellas
  2413 | D:3      | Received a gift from Pakellas
  2486 | D:3      | Found a deep blue altar of Sif Muna.
  2639 | D:3      | Killed Edmund
  2639 | D:3      | Reached skill level 8 in Axes
  2826 | D:3      | Found a bloodstained altar of Trog.
  2835 | D:3      | Found a stormy altar of Qazlal.
  2973 | D:4      | Reached XP level 7. HP: 35/61 MP: 7/7
  2999 | D:4      | Reached skill level 9 in Axes
  3137 | D:5      | Entered Level 5 of the Dungeon
  3140 | D:5      | Found a snail-covered altar of Cheibriados.
  3189 | D:5      | Noticed Amnesiac's ghost (novice DEAr)
  3425 | D:5      | Killed Amnesiac's ghost
  3425 | D:5      | Reached XP level 8. HP: 54/68 MP: 10/13
  3476 | D:5      | Reached *** piety under Pakellas
  3476 | D:5      | Received a gift from Pakellas
  3532 | D:5      | Found a glowing silver altar of Zin.
  3532 | D:5      | Found a burning altar of Makhleb.
  3538 | D:5      | Noticed a green death
  3538 | D:5      | Noticed an angel
  3597 | D:5      | Found a snail-covered altar of Cheibriados.
  3985 | D:5      | HP: 2/68 [scorpion (3)]
  4136 | D:6      | Found Hoaf's Antique Weapon Boutique.
  4185 | D:6      | Reached skill level 10 in Axes
  4258 | D:6      | Found an iron altar of Okawaru.
  4585 | D:6      | Gained mutation: You passively map the area around you. [Deep Dwarf growth]
  4585 | D:6      | Reached XP level 9. HP: 33/74 MP: 15/15
  4811 | D:7      | Noticed Amnesiac's ghost (novice DEAr)
  4814 | D:7      | Reached skill level 11 in Axes
  4853 | D:7      | Killed Amnesiac's ghost
  5079 | D:7      | Reached skill level 12 in Axes
  5172 | D:7      | Reached **** piety under Pakellas
  5172 | D:7      | Received a gift from Pakellas
  5216 | D:7      | Noticed Menkaure
  5224 | D:7      | Killed Menkaure
  5246 | D:7      | Noticed Pikel
  5286 | D:7      | Killed Pikel
  5286 | D:7      | Reached skill level 13 in Axes
  5783 | D:8      | Reached XP level 10. HP: 63/81 MP: 16/16
  6068 | D:8      | Reached skill level 14 in Axes
  6098 | D:8      | Reached ***** piety under Pakellas
  6098 | D:8      | Received a gift from Pakellas
  6471 | D:9      | Found a basalt altar of Yredelemnul.
  6649 | D:9      | Reached skill level 10 in Evocations
  7235 | D:9      | Found a shadowy altar of Dithmenos.
  7333 | D:10     | Entered Level 10 of the Dungeon
  7381 | D:10     | Noticed a cyclops
  7416 | D:10     | Killed a cyclops
  7470 | D:10     | HP: 4/81 [poisoned by a killer bee]
  7803 | D:10     | Reached skill level 1 in Dodging
  7826 | D:10     | Reached XP level 11. HP: 23/88 MP: 16/20
  8089 | D:10     | Reached ****** piety under Pakellas
  8235 | D:10     | Got a warped helmet
  8355 | D:10     | Found a staircase to the Orcish Mines.
  8355 | D:10     | Found Naser's Armour Shop.
  8380 | D:10     | Identified the cursed +0 helmet of Pathos {Str+6} (You found it on level 10 of the Dungeon)
  8571 | Orc:1    | Entered Level 1 of the Orcish Mines
  8571 | Orc:1    | Found Hezij's Magic Scroll Shoppe.
  8580 | Orc:1    | Noticed Amnesiac's ghost (journeyman DDAr)
  8705 | Orc:1    | Killed Amnesiac's ghost
  8737 | Orc:1    | Noticed an orc warlord
  8817 | D:11     | Noticed Josephine
  8883 | D:11     | Noticed Fannar
  8897 | D:10     | Killed Fannar
  9357 | D:11     | Reached skill level 5 in Shields
  9387 | D:11     | Killed Josephine
  9387 | D:11     | Reached skill level 5 in Armour
  9387 | D:11     | Reached skill level 5 in Dodging
  9488 | D:11     | Noticed a purple ugly thing
  9489 | D:11     | Noticed a brown ugly thing
  9514 | D:11     | Killed a red ugly thing
  9533 | D:11     | Killed a purple ugly thing
  9601 | D:11     | Found a staircase to the Lair.
 10119 | D:10     | Bought a +2 pair of boots of running for 539 gold pieces
 10187 | D:9      | Killed an orc warlord
 10187 | D:9      | Reached XP level 12. HP: 30/100 MP: 19/22
 10300 | Orc:1    | Found Oseiben's Distillery.
 10309 | Orc:1    | Found Ejideadgh's Armour Boutique.
 10370 | Orc:2    | Entered Level 2 of the Orcish Mines
 10487 | Orc:2    | Found a staircase to the Elven Halls.
 10696 | Orc:2    | Reached skill level 5 in Fighting
 10889 | Orc:2    | Noticed an orc high priest
 10947 | Orc:2    | Killed an orc high priest
 11008 | Orc:2    | Noticed an orc high priest
 11008 | Orc:2    | Noticed an orc high priest
 11067 | Orc:2    | Killed an orc high priest
 11071 | Orc:2    | Reached skill level 15 in Evocations
 11088 | Orc:2    | Killed an orc high priest
 11301 | Orc:2    | Noticed an orc high priest
 11301 | Orc:2    | Noticed an orc high priest
 11325 | Orc:2    | Killed an orc high priest
 11355 | Orc:2    | Killed an orc high priest
 11370 | Orc:2    | Found Enluel's Magic Scroll Boutique.
 11373 | Orc:2    | Found Juihetups's Antique Armour Boutique.
 11374 | Orc:2    | Found Jufohusm's Magic Scroll Boutique.
 11375 | Orc:2    | Found Umilof's Antique Weapon Shop.
 11385 | Orc:2    | Bought a pair of gloves for 130 gold pieces
 11506 | Orc:1    | Bought a +0 cloak for 76 gold pieces
 11716 | Orc:2    | Found Ikhoguok's Armour Shop.
 12003 | Orc:1    | Noticed an orc high priest
 12030 | Orc:1    | Killed an orc high priest
 12134 | Orc:1    | Reached XP level 13. HP: 111/111 MP: 24/24
 12139 | Orc:1    | Found Fezips's Gadget Shoppe.
 12231 | Orc:1    | Found Cost's Magic Scroll Boutique.
 12245 | Orc:1    | Bought a scroll of magic mapping for 45 gold pieces
 12245 | Orc:1    | Bought a scroll of identify for 26 gold pieces
 12245 | Orc:1    | Bought a scroll of identify for 26 gold pieces
 12245 | Orc:1    | Bought a scroll of identify for 26 gold pieces
 12245 | Orc:1    | Bought a scroll of identify for 26 gold pieces
 13535 | D:13     | Gained mutation: You expend magic power (3 MP) to strengthen your wands. [potion of mutation]
 13535 | D:13     | Gained mutation: You are frail (-10% HP). [potion of mutation]
 13535 | D:13     | Gained mutation: You are partially covered in rough black scales (AC +4, Dex -1). [potion of mutation]
 13814 | D:13     | Noticed Maud
 13859 | D:13     | Killed Maud
 14210 | D:13     | Found a gate to the Vaults.
 14454 | D:13     | Identified a +2 rod of clouds (13/13) (Pakellas gifted it to you on level 8 of the Dungeon)
 15607 | Orc:1    | Bought a scroll of brand weapon for 320 gold pieces
 15713 | Orc:2    | Bought a scroll of enchant weapon for 105 gold pieces
 15982 | D:15     | Entered Level 15 of the Dungeon
 16000 | D:15     | Gained mutation: You resist negative energy. [Deep Dwarf growth]
 16000 | D:15     | Reached XP level 14. HP: 70/110 MP: 26/26
 16096 | D:15     | Found Jyid's Pet Rocks.
 16188 | D:15     | Noticed Roxanne
 16207 | D:15     | Reached skill level 15 in Axes
 16252 | D:15     | Killed Roxanne
 16405 | D:15     | Found a staircase to the Depths.
 16406 | D:15     | Noticed a fire giant
 16904 | D:14     | Identified a scroll of acquirement {!r}
 17186 | D:15     | Killed a fire giant
 17252 | D:15     | Noticed Urug
 17265 | D:15     | Killed Urug
 17627 | Depths:1 | Entered Level 1 of the Depths
 17714 | D:15     | Gained mutation: You are very frail (-20% HP). [mutagenic meat]
 17726 | D:15     | Learned a level 9 spell: Shatter
 18007 | Elf:1    | Entered Level 1 of the Elven Halls
 18039 | Elf:1    | Learned a level 2 spell: Passwall
 18128 | Elf:1    | Reached skill level 10 in Armour
 18128 | Elf:1    | Reached skill level 10 in Shields
 18163 | Elf:1    | Reached skill level 10 in Dodging
 18364 | Elf:1    | Found a portal to a secret trove of treasure.
 19029 | Elf:2    | Reached skill level 16 in Axes
 19029 | Elf:2    | Reached XP level 15. HP: 45/103 MP: 1/28
 19248 | Elf:2    | Found a huge runed gate.
 19248 | Elf:2    | Found a huge runed gate.
 19248 | Elf:2    | Found a huge runed gate.
 19248 | Elf:2    | Found a huge runed gate.
 19248 | Elf:2    | Found a huge runed gate.
 19375 | Elf:1    | Found a radiant altar of Vehumet.
 19480 | Elf:2    | Found Huluqaso's Food Shoppe.
 19686 | Elf:2    | Reached skill level 17 in Axes
 19991 | Elf:2    | Noticed a deep elf blademaster
 19997 | Elf:2    | Killed a deep elf blademaster
 19999 | Elf:2    | Reached skill level 18 in Axes
 20211 | Elf:1    | You paid a toll of 2 scrolls of acquirement to enter a treasure trove
 20212 | Trove    | Entered a treasure trove
 20215 | Trove    | Got a clouded tin ring
 20237 | Trove    | Got a vibrating copper ring
 20240 | Trove    | Got a bound ivory ring
 20256 | Trove    | Got a twitching diamond amulet
 20257 | Trove    | Identified the amulet of Jealousy {Spirit rElec} (You found it in a treasure trove)
 20274 | Trove    | Got a wavering bone ring
 20276 | Trove    | Identified the ring of Idealism {rF+ rN+ Int+3 Stlth+} (You found it in a treasure trove)
 20278 | Trove    | Identified the ring of Apenoq {MR- EV+2 Dex+9 Slay-4 Stlth+} (You found it in a treasure trove)
 20281 | Trove    | Identified the ring "Etaynah" {MR- Str+8 Int+4 Dex+2} (You found it in a treasure trove)
 20314 | Trove    | Got a transparent brass ring
 20315 | Trove    | Identified the ring "Eshreigh" {+Fly Dex+4 SInv} (You found it in a treasure trove)
 20324 | Trove    | Identified the ring "Gotrauvve" {SustAt +Inv +Fly Stlth+} (You found it in a treasure trove)
 20433 | Elf:3    | Entered Level 3 of the Elven Halls
 20678 | Elf:3    | Noticed a Hell Sentinel
 20752 | Elf:3    | Noticed a deep elf sorcerer
 20767 | Elf:3    | Killed a deep elf sorcerer
 20973 | Elf:3    | Reached XP level 16. HP: 77/115 MP: 12/29
 21057 | Elf:3    | Noticed Jorgrun
 21071 | Elf:3    | Killed Jorgrun
 21071 | Elf:3    | Reached skill level 10 in Fighting
 21144 | Elf:3    | Noticed a deep elf master archer
 21150 | Elf:3    | Killed a deep elf master archer
 21286 | Elf:3    | Cast into level 3 of the Abyss (a deep elf sorcerer)
 21311 | Abyss:3  | Found a corrupted altar of Lugonu.
 22051 | Abyss:3  | Noticed a tentacled starspawn
 22059 | Abyss:3  | Killed a tentacled starspawn
 22061 | Elf:3    | Escaped the Abyss
 22164 | Elf:3    | Noticed a deep elf blademaster
 22184 | Elf:3    | Killed a deep elf blademaster
 22242 | Elf:1    | HP: 2/138 [deep elf mage/orb of energy (12)]
 22354 | Orc:1    | Bought a potion of heal wounds for 75 gold pieces
 22354 | Orc:1    | Bought a potion of heal wounds for 75 gold pieces
 22354 | Orc:1    | Bought a potion of heal wounds for 75 gold pieces
 22527 | Elf:3    | Noticed an Ice Fiend
 22529 | Elf:3    | Gained mutation: You are extremely frail (-30% HP). [a cacodemon]
 22848 | Lair:1   | Entered Level 1 of the Lair of Beasts
 24989 | Lair:3   | Lost mutation: You are extremely frail (-30% HP). [potion of mutation]
 24989 | Lair:3   | Gained mutation: You are covered in fur (AC +1). [potion of mutation]
 24989 | Lair:3   | Gained mutation: You have large cloven feet. [potion of mutation]
 25039 | Lair:3   | Found a staircase to the Shoals.
 25451 | Lair:4   | Reached XP level 17. HP: 101/132 MP: 30/30
 25800 | Lair:4   | Found a staircase to the Snake Pit.
 25962 | Lair:5   | Noticed Gartch2's ghost (journeyman SpAs)
 25990 | Lair:5   | Killed Gartch2's ghost
 27627 | Lair:6   | Gained mutation: You are somewhat resistant to further mutation. [potion of beneficial mutation]
 28282 | Lair:7   | Learned a level 1 spell: Summon Butterflies
 28451 | Lair:7   | Learned a level 1 spell: Apportation
 28454 | Lair:7   | Learned a level 2 spell: Blink
 28571 | Lair:7   | Found a staircase to the Slime Pits.
 28636 | Lair:7   | Reached skill level 15 in Fighting
 28999 | Lair:8   | Entered Level 8 of the Lair of Beasts
 29705 | Lair:8   | Found a burning altar of Makhleb.
 29721 | Lair:8   | Reached skill level 19 in Axes
 29733 | Lair:8   | Found a gateway to Hell.
 29766 | Lair:8   | Got a shimmering broad axe
 29767 | Lair:8   | Identified the +9 broad axe "Ulie" {drain, rF- MP+9 Str+4 Int+7} (You found it on level 8 of the Lair of Beasts)
 30159 | D:10     | Bought the +1 cloak "Aso Nin" {-Cast rPois Str-2 SInv} for 178 gold pieces
 30327 | Elf:3    | Gained mutation: You are extremely frail (-30% HP). [a cacodemon]
 30637 | Elf:3    | Identified a +9 rod of ignition (12/12) (You took it off a deep elf sorcerer on level 3 of the Elven Halls)
 30702 | Elf:3    | Got a dazzling morningstar {freeze}
 30704 | Elf:3    | Identified the +11 morningstar "Hedykkuz" {freeze, *Rage MR+ Dex+4} (You took it off a deep elf high priest on level 3 of the Elven Halls)
 30772 | Elf:3    | Identified the Volume of Icy Sinister Rites
 30827 | Elf:3    | Got a slimy swamp dragon armour
 30838 | Elf:3    | Identified the +1 swamp dragon armour of Indecent Exposure {rPois Dex+5} (You found it on level 3 of the Elven Halls)
 30850 | Elf:3    | Identified the Volume of Burning Shape Shifting
 31487 | Orc:1    | Bought a potion of beneficial mutation for 525 gold pieces
 31800 | Depths:1 | Reached skill level 20 in Axes
 31844 | Depths:1 | Noticed Norris
 31855 | Depths:1 | Paralysed by Norris for 3 turns
 31891 | Depths:1 | Killed Norris
 31898 | Depths:1 | Got an ancient buckler
 31970 | Depths:1 | Gained mutation: You passively map a large area around you. [Deep Dwarf growth]
 31970 | Depths:1 | Reached XP level 18. HP: 60/124 MP: 11/31
 31993 | Depths:1 | Gained mutation: You have a somewhat thin skeletal structure (Dex +2, Stealth). [mutagenic meat]
 31997 | Depths:1 | Lost mutation: You expend magic power (3 MP) to strengthen your wands. [mutagenic meat]
 31999 | Depths:1 | Lost mutation: You have large cloven feet. [mutagenic meat]
 32000 | Depths:1 | Gained mutation: Your flesh is heat resistant. [potion of beneficial mutation]
 32002 | Depths:1 | Gained mutation: Your movements are slightly less encumbered by armour (ER -2). [potion of beneficial mutation]
 32003 | Depths:1 | Gained mutation: You are partially covered in rugged brown scales (AC +1, +3% HP). [potion of beneficial mutation]
 32135 | Depths:1 | Found a blossoming altar of Fedhas.
 32161 | Depths:1 | Lost mutation: Your flesh is heat resistant. [mutagenic meat]
 32274 | Depths:1 | Found a one-way gate to the infinite horrors of the Abyss.
 32376 | Depths:1 | Found a one-way gate leading to the halls of Pandemonium.
 32784 | Depths:2 | Noticed Mara
 32789 | Depths:2 | Noticed Amnesiac's illusion
 32810 | Depths:2 | Killed Mara
 33067 | Depths:2 | HP: 6/144 [fire giant/fireball (9)]
 33406 | Depths:2 | HP: 5/144 [cyan very ugly thing (22)]
 33570 | Depths:2 | Identified the +0 buckler of the Four Eyes {Int+4} (You took it off Norris on level 1 of the Depths)
 33794 | Depths:2 | Found a gateway to a ziggurat.
 33969 | Depths:3 | Gained mutation: You can translocate small distances at will. [mutagenic meat]
 33976 | Depths:3 | Gained mutation: Your body sometimes deteriorates upon taking damage. [mutagenic meat]
 34044 | Depths:3 | Reached XP level 19. HP: 132/135 MP: 19/32
 34361 | Depths:3 | Noticed Jory
 34384 | Depths:3 | Killed Jory
 34658 | Depths:3 | Noticed Margery
 34674 | Depths:3 | Killed Margery
 34764 | Hell     | Entered the Vestibule of Hell
 34764 | Hell     | Noticed Geryon
 34771 | Hell     | Noticed a hellephant
 34963 | Hell     | Noticed a hellephant
 35111 | Hell     | Killed a hellephant
 35314 | Hell     | Killed Geryon
 35571 | Hell     | Reached XP level 20. HP: 116/141 MP: 22/33
 35832 | Hell     | Found a gateway to the Iron City of Dis.
 35844 | Hell     | Reached skill level 15 in Dodging
 35859 | Dis:1    | Entered Level 1 of the Iron City of Dis
 35996 | Dis:2    | Reached skill level 15 in Shields
 36012 | Dis:2    | Reached skill level 15 in Armour
 36442 | Dis:3    | Noticed a bone dragon
 36451 | Dis:3    | Noticed an iron giant
 36459 | Dis:3    | Killed a bone dragon
 36470 | Dis:3    | Killed from afar by an iron giant

Skill      XL: |  1  2  3  4  5  6  7  8  9 10 11 12 13 14 15 16 17 18 19 20 |
---------------+-------------------------------------------------------------+-----
Axes           | 3 4 6 7 8 9 10 13 14 16 18 20 | 20.0
Evocations     | 6 8 12 14 15 17 18 | 18.7
Dodging        | 1 5 7 8 10 12 14 15 | 15.3
Fighting       | 4 5 7 9 14 15 | 15.0
Armour         | 5 7 8 10 12 14 15 | 15.1
Shields        | 5 7 8 10 12 14 15 | 15.1

Action                   |  1- 3 |  4- 6 |  7- 9 | 10-12 | 13-15 | 16-18 | 19-21 || total
-------------------------+-------+-------+-------+-------+-------+-------+-------++-------
Melee: War axe           |   105 |   226 |   149 |   125 |    26 |       |       ||   631
       Hand axe          |       |       |   390 |  1404 |   750 |       |       ||  2544
       Broad axe         |       |       |       |       |   779 |  1417 |   788 ||  2984
Invok: Quick Charge      |       |     2 |       |     9 |    27 |    50 |    60 ||   148
       Device Surge      |       |       |       |     3 |       |       |     2 ||     5
 Abil: Evoke Flight      |       |       |       |       |       |     1 |       ||     1
Evoke: Wand              |     3 |     2 |     8 |    64 |    57 |    72 |    75 ||   281
       Lamp of fire      |       |       |       |     1 |     1 |     2 |       ||     4
       Box of beasts     |       |       |       |     2 |     4 |     2 |     3 ||    11
       Rod               |       |       |       |       |     4 |     9 |       ||    13
       Deck              |       |       |       |       |     1 |     1 |     1 ||     3
  Use: Scroll            |       |       |    16 |     5 |    17 |    10 |     2 ||    50
       Potion            |       |       |     1 |     8 |    14 |    15 |     1 ||    39
 Stab: Distracted        |       |       |     1 |       |     3 |       |       ||     4
       Invisible         |       |       |       |       |    11 |     5 |       ||    16
       Paralysed         |       |       |       |       |       |     5 |     4 ||     9
  Eat: Chunk             |       |    17 |    27 |    31 |    60 |    71 |    11 ||   217
       Bread ration      |       |       |       |       |       |     1 |     4 ||     5
Armor: Scale mail        |    28 |    41 |       |       |       |       |       ||    69
       Plate armour      |       |    44 |   203 |   536 |   536 |   367 |   345 ||  2031
       Skin              |       |       |       |    50 |       |       |       ||    50
Dodge: Dodged            |    33 |    46 |    54 |   358 |   393 |   227 |   322 ||  1433
Block: Shield            |    42 |   124 |   224 |   770 |    74 |       |       ||  1234
       Large shield      |       |       |       |       |  1220 |  1127 |   998 ||  3345
